 Dungeon Sprint DCSS version 0.28-a0-1395-g4f6bc678fa (webtiles) character file.

Game seed: 16377090656832678821

800000 12572944 the Nimble (level 11, -38/87 HPs)
             Began as a Djinni Gladiator on Jan 5, 2022.
             Annihilated by a meat berserker (79 damage)
             ... in the Dungeon (Sprint VIII: "Arena of Blood").
             The game lasted 00:00:24 (8 turns).

12572944 the Nimble (Djinni Gladiator)                 Turns: 8, Time: 00:00:24

Health: -38/87     AC:  4    Str: 17    XL:     11   Next: 25%
Gold:   0          EV: 18    Int: 10    God:
                   SH:  0    Dex: 15

rFire   + + .      SeeInvis .   j - +∞ Axe of Woe
rCold   x . .      Faith    .   (shield currently unavailable)
rNeg    . . .      Spirit   .   b - +0 leather armour
rPois   ∞          Reflect  .   c - +0 helmet
rElec   .          Harm     .   (no cloak)
rCorr   .          Rampage  .   (no gloves)
Will    +....      NoTele   +   (boots unavailable)
Stlth   +.........              (no amulet)
HPRegen 0.24/turn               (no ring)
MPRegen 0.00/turn               (no ring)

@: flying
A: sickness immunity, fire resistance 2, cold vulnerability 1, float, innate
caster, hp casting, extra vitality 1
a: no special abilities


You were in the Dungeon.
You visited 1 branch

Inventory:

Hand Weapons
 a - a +0 war axe
 j - the +∞ Axe of Woe (weapon)
   (You found it in the Dungeon)
Missiles
 d - 3 throwing nets (quivered)
Armour
 b - a +0 leather armour (worn)
 c - a +0 helmet (worn)
Scrolls
 i - a scroll of blinking
Potions
 e - a potion of curing {@q1}
 f - a potion of heal wounds {@q2}
 g - a potion of haste {@q3}
 h - a potion of berserk rage


   Skills:
 + Level 11.0 Fighting
 + Level 9.5 Axes
 + Level 9.3 Throwing
 + Level 12.1 Dodging
 * Level 11.9 Spellcasting


You had 21 spell levels left.
You knew the following spells:

 Your Spells              Type           Power      Damage    Failure   Level
a - Summon Small Mammal   Summ           100%       N/A       1%          1
b - Scorch                Fire           58%        2d8       1%          2
c - Blink                 Tloc           58%        N/A       1%          2
d - Gell's Gravitas       Tloc           29%        N/A       1%          3
e - Sticky Flame          Conj/Fire      29%        2d5       1%          4
Your spell library was empty.

Dungeon Overview and Level Annotations

Branches:
Dungeon (1/1)

Altars:
Makhleb


Innate Abilities, Weirdness & Mutations

You are immune to sickness and miasma.
You are immune to poison.
Your flesh is very heat resistant. (rF++)
You are vulnerable to cold. (rC-)
You float through the air rather than walking.
You learn spells naturally, not from books.
Your magical power is your life essence.
You have superior vitality. (+4 MHP)


Message History

The power to cast Summon Small Mammal wells up from within.
Spell assigned to 'a'.
You have reached level 4!
You feel clever.
You have reached level 5!
The power to cast Scorch wells up from within.
Spell assigned to 'b'.
You have reached level 6!
You have reached level 7!
The power to cast Blink wells up from within.
Spell assigned to 'c'.
You have reached level 8!
You feel agile.
You have reached level 9!
Your experience leads to an increase in your attributes!
Increase (S)trength, (I)ntelligence, or (D)exterity?
You feel stronger. x2
The power to cast Gell's Gravitas wells up from within.
Spell assigned to 'd'.
You have reached level 10!
You have reached level 11!
The power to cast Sticky Flame wells up from within.
Spell assigned to 'e'.
Unknown command.
Unknown command.
The bag of meat shouts! x2; You hear a shout! x4
The meat berserker hits you with a +9 battleaxe!!!
Ouch! That really hurt!
You hear a shout! x3
You slash the bag of meat!
You fatally mangle the bag of meat.
You kill the bag of meat!
You slice the meat berserker!!
You fatally mangle the meat berserker.
You kill the meat berserker!
You hear a shout! x6
The meat berserker rages.
You hear a shout! x6
A bag of meat comes into view. It is wielding a +9 war axe.
The meat berserker hits you with a +9 battleaxe!!!!
Ouch! That really hurt!
You die...

.........
.........
.........
#.......# .
#.......# ...
.###.. ....###....
......###.)......o
......_..@O......
.#.....#O..o...
#_.<._#.......
#.oo..#......#
.....o_..........
......###.........
.###.. ...###....
#.. ...# .... #.
...#


You could see 2 meat berserkers and 5 bags of meat.

Vanquished Creatures
  An ogre (D)
  2 orcs (D)
3 creatures vanquished.

Notes
Turn   | Place    | Note
-------+----------+-------------------------------------------
     0 | D        | Found the +∞ Axe of Woe
     0 | D        | 12572944 the Djinni Gladiator began the quest for the Orb.
     0 | D        | Reached XP level 1. HP: 18/18 MP: 0/0
     1 | D        | Noticed a bag of meat
     2 | D        | Noticed a meat berserker
     3 | D        | Noticed a bag of meat
     5 | D        | Noticed a bag of meat
     6 | D        | Killed a bag of meat
     6 | D        | Noticed a bag of meat
     6 | D        | Noticed a meat berserker
     6 | D        | Noticed a meat berserker
     6 | D        | Noticed a bag of meat
     6 | D        | Noticed a bag of meat
     7 | D        | Reached skill level 12 in Dodging
     7 | D        | Reached XP level 2. HP: 37/37 MP: 0/0
     7 | D        | Reached XP level 3. HP: 42/42 MP: 0/0
     7 | D        | Learned a level 1 spell: Summon Small Mammal
     7 | D        | Reached XP level 4. HP: 49/49 MP: 0/0
     7 | D        | Reached XP level 5. HP: 53/53 MP: 0/0
     7 | D        | Learned a level 2 spell: Scorch
     7 | D        | Reached XP level 6. HP: 59/59 MP: 0/0
     7 | D        | Reached XP level 7. HP: 65/65 MP: 0/0
     7 | D        | Learned a level 2 spell: Blink
     7 | D        | Reached XP level 8. HP: 71/71 MP: 0/0
     7 | D        | Reached XP level 9. HP: 76/76 MP: 0/0
     7 | D        | Learned a level 3 spell: Gell's Gravitas
     7 | D        | Reached XP level 10. HP: 82/82 MP: 0/0
     7 | D        | Reached XP level 11. HP: 87/87 MP: 0/0
     7 | D        | Learned a level 4 spell: Sticky Flame
     8 | D        | Killed a bag of meat
     8 | D        | Killed a meat berserker
     8 | D        | Noticed a bag of meat
     8 | D        | Annihilated by a meat berserker

Illustrated notes

Levels and vault maps discovered:
D:        meatsprint

Skill      XL: |  1 |
---------------+----+-----
Fighting       | 11 | 11.0
Axes           | 9 |  9.5
Throwing       | 9 |  9.3
Dodging        | 12 | 12.1
Spellcasting   | 11 | 11.9

Action                   |  1- 3 |  4- 6 |  7- 9 | 10-12 || total
-------------------------+-------+-------+-------+-------++-------
Melee: Executioner's axe |     1 |       |       |     1 ||     2

Table legend: (Time is in decaauts)
 A = Elapsed time spent in this place.
 B = Non-inter-level travel time spent in this place.
 C = Inter-level travel time spent in this place.
 D = Time resting spent in this place.
 E = Time spent auto-exploring this place.
 F = Levels seen in this place.
 G = Mean time per level.
                   A        B        C        D        E       F      G
               +--------+--------+--------+--------+--------+-----+--------+
         Total |      8 |      8 |      0 |      0 |      0 |   1 |    8.0 |
       Dungeon |      8 |      8 |      0 |      0 |      0 |   1 |    8.0 |
               +--------+--------+--------+--------+--------+-----+--------+

Top non-repeatable levels by time:
       D: 8 daAuts
